 Dungeon Crawl Stone Soup version 0.17-a0-1176-g3d5a0d0 (webtiles) character file.

26 Hanyuu the Insei (level 3, -3/23 HPs)
             Began as an Octopode Transmuter on May 30, 2015.
             Slain by a hobgoblin
             ... wielding a +0 club
              (5 damage)
             ... on level 1 of the Dungeon.
             The game lasted 00:01:45 (789 turns).

Hanyuu the Insei (Octopode Transmuter)               Turns: 789, Time: 00:01:45

Health: -3/23      AC:  1    Str:  9    XL:     3   Next: 8%
Magic:  4/6        EV: 12    Int: 16    God:
Gold:   59         SH:  0    Dex: 12    Spells: 1 memorised, 5 levels left

rFire  . . .     SeeInvis .       - Unarmed
rCold  . . .     Clarity  .     (no shield)
rNeg   . . .     SustAt   .     (helmet restricted)
rPois  .         Gourm    .     (no amulet)
rElec  .         Spirit   .     (no ring)
rCorr  .         Warding  .     (no ring)
rMut   .         Stasis   .     (no ring)
MR     .....                    (no ring)
Stlth  ++........               (no ring)
                                (no ring)
                                (no ring)
                                (no ring)

@: appendage (expiring), not resistant to hostile enchantments, unstealthy
A: almost no armour, amphibious, 8 rings, constrict 8, tentacle spike 3,
camouflage 1, gelatinous body 1
a: End Transformation


You were on level 1 of the Dungeon.
You were not hungry.
One of your tentacles had a temporary spike.
You visited 1 branch of the dungeon, and saw 1 of its levels.

You collected 59 gold pieces.

Inventory:

Missiles
 a - 12 arrows
 j - 13 poisoned needles
Scrolls
 d - 2 scrolls of identify {unknown}
 f - a scroll of teleportation {unknown}
Potions
 e - a potion of agility {unknown}
 i - a potion of heal wounds {unknown}
Books
 b - a book of Changes

   Spells                             Type                      Level
   a - Beastly Appendage              Transmutation                1
   b - Sticks to Snakes               Transmutation                2
   c - Spider Form                    Transmutation/Poison         3
   d - Ice Form                       Ice/Transmutation            4
   e - Blade Hands                    Transmutation                5
Comestibles
 c - a bread ration
 g - 2 fruits
 h - 3 chunks of flesh


   Skills:
 - Level 1.0 Fighting
 - Level 2.0 Dodging
 + Level 4.1 Unarmed Combat
 - Level 2.0 Spellcasting
 - Level 2.0 Transmutations


You had 5 spell levels left.
You knew the following spells:

 Your Spells              Type           Power        Failure   Level  Hunger
a - Beastly Appendage     Trmt           #.....       10%         1    #......


Dungeon Overview and Level Annotations

Branches:
Dungeon (1/15)

Altars:


Innate Abilities, Weirdness & Mutations

You cannot wear most types of armour.
You are amphibious.
You can wear up to eight rings at the same time.
You can use your tentacles to constrict eight enemies at once.
Your skin changes colour to match your surroundings (Stealth).
Your rubbery body absorbs attacks (AC +1).
One of your tentacles bears a large vicious spike.


Message History

You kill the hobgoblin!
You tentacle-slap the ooze but do no damage.
The ooze hits you. The hobgoblin closely misses you.
You tentacle-slap the ooze but do no damage.
You pierce the ooze.
The ooze is lightly wounded.
Your transformation is almost over.
The ooze closely misses you.
You tentacle-slap the ooze. You squeeze the ooze.
The ooze is severely wounded.
The hobgoblin hits you with a club. The ooze hits you.
* * * LOW HITPOINT WARNING * * *
You tentacle-slap the ooze.
You kill the ooze!
You have reached level 3!
Your experience leads to an increase in your attributes!
Increase (S)trength, (I)ntelligence, or (D)exterity?
You feel clever. The hobgoblin hits you with a club.
You die...

.......................
.......................
......................
# .....................
#. #.#.....[........)).
>. .........########.#
#.##.......## ##.#
#.†.bg......# #..#
###########@######.#
###(.# #...........#
##.(#.# #...........##
###..####
#............#
#...##.#.
##...........#
##...#...
#...........## #.....≈.
#.........†..# #....≈≈≈
#............# #....≈≈≈
##...)........####
##..≈≈≈≈


You could see a hobgoblin and a bat.

Vanquished Creatures
  An ooze (D:1)
  A giant gecko (D:1)
  2 bats (D:1)
  4 goblins (D:1)
  3 hobgoblins (D:1)
  3 kobolds (D:1)
  A ball python (D:1)
  2 giant newts (D:1)
  4 rats (D:1)
21 creatures vanquished.

Notes
Turn   | Place    | Note
--------------------------------------------------------------
     0 | D:1      | Hanyuu the Octopode Transmuter began the quest for the Orb.
     0 | D:1      | Reached XP level 1. HP: 13/13 MP: 3/3
    66 | D:1      | Reached XP level 2. HP: 5/18 MP: 5/5
   781 | D:1      | Reached skill level 4 in Unarmed Combat
   789 | D:1      | Reached XP level 3. HP: 2/23 MP: 4/6
   789 | D:1      | Slain by a hobgoblin

Vault maps used:
D:1:      dpeg_arrival_subterranean_lakeside_camping

Action                   || total
-------------------------++-------
Melee: Unarmed           ||    50
 Cast: Beastly Appendage ||     1
 Stab: Distracted        ||     1
